Map: Tours du crépuscule

Players

Cenatrice

  • Race: Zerg Zerg
  • League: Master

Drogi

  • Race: Zerg Zerg
  • League: Diamond

Hofmann

  • Race: Terran Terran
  • League: Diamond

graNite

  • Race: Terran Terran
  • League: Diamond

VOD

Have the link to the VOD?

Description

Time

  • Played on: May 26, 2016, 11:50 a.m.
  • Length: 7:15
Show
View Real Time Build Order
Export as new Build Order

Cenatrice Zerg 

Build Orders: Hatch First, Roach Nydus 

Get SALT Encoding   

  12  0:00  Drone  
  13  0:12  Overlord  
  13  0:17  Drone  
  14  0:30  Drone x2  
  14  0:34  Drone  
  17  0:55  Hatchery, Drone  
  17  0:58  Drone  
  18  1:09  Extractor  
  17  1:13  Spawning Pool  
  17  1:16  Drone  
  17  1:19  Drone  
  18  1:28  Drone  
  19  1:38  Overlord  
  19  2:01  Queen  
  19  2:02  Zergling x2  
  19  2:03  Zergling x2  
  19  2:06  Queen  
  25  2:10  Drone  
  25  2:11  Drone  
  27  2:17  Overlord  
  28  2:22  Drone  
  28  2:28  Drone  
  29  2:33  Overlord  
  29  2:42  Queen  
  29  2:43  Drone x2  
  33  2:52  Extractor  
  33  2:53  Roach Warren  
  33  2:54  Drone  
  33  2:55  Drone  
  33  3:01  Drone  
  33  3:04  Drone  
  35  3:12  Drone  
  36  3:15  Drone  
  36  3:17  Lair  
  37  3:20  Queen  
  37  3:22  Drone  
  37  3:26  Drone  
  41  3:33  Overlord  
  41  3:37  Drone  
  42  3:43  Drone  
  42  3:48  Drone  
  44  3:55  Overlord  
  44  3:57  Queen  
  44  3:59  Roach  
  48  4:05  Roach  
  48  4:09  Roach  
  52  4:18  Roach  
  52  4:20  Roach  
  52  4:21  Queen, Nydus Network  
  57  4:26  Roach  
  59  4:35  Overseer  
  59  4:38  Overlord  
  59  4:44  Overlord  
  59  4:49  Glial Reconstitution  
  59  4:58  Overlord  
  59  5:02  Queen  
  59  5:05  Roach  
  59  5:06  Roach x2  
  67  5:16  Overlord  
  67  5:26  Overseer  
  67  5:37  Queen, Pneumatized Carapace  
  69  5:43  Roach x3  
  69  5:44  Overlord  
  69  5:48  Evolution Chamber  
  74  5:50  Roach  
  74  5:51  Overlord  
  74  5:57  Overlord  
  75  6:07  Hatchery  
  76  6:11  Roach x3  
  76  6:16  Roach x2  
  76  6:18  Queen  
  86  6:27  Roach x2  
  90  6:34  Nydus Canal  
  90  6:50  Nydus Canal  
  85  7:04  Nydus Canal  
Show
View Real Time Build Order
Export as new Build Order

Drogi Zerg 

Build Orders:  

Get SALT Encoding   

  12  0:00  SCV  
  13  0:13  SCV  
  14  0:17  Supply Depot  
  14  0:25  SCV  
  15  0:30  Refinery  
  15  0:39  SCV  
  16  0:46  Barracks  
  16  0:51  SCV  
  17  1:03  SCV  
  18  1:15  SCV  
  19  1:19  Supply Depot  
  19  1:27  SCV  
  20  1:34  Marine  
  20  1:35  Factory  
  20  1:39  Orbital Command  
  21  1:52  Barracks Reactor  
  21  2:04  SCV  
  22  2:17  SCV  
  22  2:22  Supply Depot  
  23  2:29  SCV  
  24  2:33  Hellion x2  
  28  2:37  Barracks Tech Lab  
  28  2:41  SCV  
  29  2:45  Command Center  
  29  2:55  Hellion x2  
  29  2:57  Marine  
  33  2:59  SCV  
  34  3:05  Starport  
  34  3:08  Supply Depot  
  34  3:11  SCV  
  35  3:14  Marine  
  35  3:19  Refinery  
  36  3:23  SCV  
  37  3:27  Stimpack  
  37  3:32  Marine  
  38  3:35  SCV  
  39  3:42  Viking  
  39  3:47  SCV  
  42  3:52  Marine  
  43  3:59  Orbital Command, SCV  
  44  4:10  Marine  
  44  4:15  Barracks  
  44  4:16  SCV  
  46  4:26  Supply Depot  
  46  4:27  SCV  
  46  4:28  Marine, SCV  
  46  4:29  Medivac x2  
  53  4:38  Engineering Bay  
  53  4:39  SCV  
  53  4:41  SCV  
  55  4:50  Marauder  
  55  4:51  SCV  
  58  4:55  SCV  
  59  5:00  Medivac x2  
  59  5:04  Marine  
  59  5:06  Barracks  
  64  5:07  Missile Turret  
  64  5:10  Missile Turret, SCV  
  64  5:12  SCV  
  66  5:21  Terran Infantry Weapons Level 1  
  66  5:22  SCV  
  66  5:23  Supply Depot  
  66  5:24  SCV  
  66  5:26  Marine  
  66  5:27  Marine  
  70  5:33  Widow Mine  
  70  5:35  SCV  
  73  5:39  Supply Depot  
  73  5:43  Supply Depot  
  73  5:44  Marine  
  73  5:45  Marauder  
  73  5:48  Supply Depot  
  76  5:51  SCV  
  76  5:53  Missile Turret  
  76  5:54  Marine  
  76  5:55  Barracks  
  78  5:59  SCV  
  78  6:03  SCV  
  80  6:08  Missile Turret  
  80  6:09  Marauder, Marine  
  80  6:10  Widow Mine  
  85  6:12  Marine  
  85  6:13  SCV  
  85  6:17  Supply Depot  
  87  6:28  Refinery, SCV  
  87  6:30  Refinery  
  88  6:35  Marine x2  
  88  6:36  Marine  
  88  6:38  Widow Mine  
  93  6:44  Marine  
  93  6:46  SCV x2  
  96  6:53  Marine x3  
  97  6:58  SCV  
Show
View Real Time Build Order
Export as new Build Order

Hofmann Terran 

Build Orders:  

Get SALT Encoding   

Show
View Real Time Build Order
Export as new Build Order

graNite Terran 

Build Orders:  

Get SALT Encoding   

Tags
 
Add a new tag
Caveats
  • Supply blocks, unpowered buildings, or Contaminate may cause inaccurate times.
  • Supply counts are checked every 10 seconds.